 Dungeon Crawl Stone Soup version 0.29.0-4-gdea44cf6ec (webtiles) character file.

Game seed: 7011105419917848631

56 qw the Chopper (level 3, -1/21 HPs)
             Began as a Tengu Warper on Aug 28, 2022.
             Killed from afar by Ijyb (10 damage)
             ... with a puff of flame
             ... on level 3 of the Dungeon.
             The game lasted 00:00:12 (1960 turns).

qw the Chopper (Tengu Warper)                       Turns: 1960, Time: 00:00:12

Health: -1/21      AC:  8    Str: 13    XL:     3   Next: 97%
Magic:  0/7        EV:  6    Int: 13    God:
Gold:   97         SH:  0    Dex: 13    Spells: 6/6 levels left

rFire   . . .      SeeInvis .   p - +0 war axe
rCold   . . .      Faith    .   (no shield)
rNeg    + . .      Spirit   +   b - +0 chain mail
rPois   .          Reflect  .   (helmet restricted)
rElec   .          Harm     .   (no cloak)
rCorr   .          Rampage  .   (no gloves)
Will    .....                   (boots unavailable)
Stlth   ..........              j - amulet of guardian spirit
HPRegen 0.07/turn               e - ring of positive energy
MPRegen 0.10/turn               (no ring)

@: no status effects
A: beak, talons 3
a: no special abilities


You were on level 3 of the Dungeon.
You visited 1 branch of the dungeon, and saw 3 of its levels.

You collected 97 gold pieces.


Innate Abilities, Weirdness & Mutations

You have a beak for a mouth.
You have claws for feet.


   Skills:
 - Level 2.0 Fighting
 + Level 4.5 Axes
 - Level 1.0 Throwing
 - Level 1.1 Armour
 - Level 2.1 Dodging
 - Level 2.0 Spellcasting
 - Level 2.4 Translocations


You had 6 spell levels left.
You didn't know any spells.
Your spell library contained the following spells:

 Spells                   Type           Power      Damage    Failure   Level
 Blink                    Tloc           14%        N/A       99%         2
 Gell's Gravitas          Tloc           7%         N/A       100%        3
 Lesser Beckoning         Tloc           7%         N/A       100%        3
 Teleport Other           Tloc           7%         N/A       100%        3
 Manifold Assault         Tloc           7%         N/A       100%        5

Inventory:

Hand Weapons
 c - a +2 whip of holy wrath
 p - a +0 war axe (weapon)
Armour
 b - a +0 chain mail (worn)
Jewellery
 e - a ring of positive energy (left hand)
 j - an amulet of guardian spirit (around neck)
Scrolls
 d - a scroll of amnesia {unknown}
 n - a scroll of identify
Potions
 a - 2 potions of haste {unknown}
 f - a potion of flight {unknown}
 g - a potion of invisibility {unknown}
 h - a potion of brilliance {unknown}
 i - a potion of cancellation {unknown}
 k - a potion of resistance {unknown}
 o - a potion of curing {unknown}

Dungeon Overview and Level Annotations

Branches:
Dungeon (3/15)

Altars:

Annotations:
D:3 Ijyb


Message History

You completely miss the frilled lizard. The hobgoblin closely misses you.
The frilled lizard bites you but does no damage.
You barely miss the hobgoblin. You claw the hobgoblin.
You kill the hobgoblin!
You miss the frilled lizard.
The frilled lizard bites you but does no damage.
Ijyb zaps a wand.
The puff of flame hits you.
The frilled lizard bites you but does no damage.
You miss Ijyb. You barely miss the frilled lizard.
The frilled lizard bites you but does no damage.
Ijyb zaps a wand.
The puff of flame hits you.
You barely miss Ijyb. You slash the frilled lizard!
You kill the frilled lizard!
Ijyb zaps a wand.
The puff of flame hits you.
You hit Ijyb but do no damage. You claw Ijyb, but do no damage.
You peck Ijyb, but do no damage.
Ijyb zaps a wand.
The puff of flame hits you.
1954 ||| DRINKING potion of heal wounds.
You feel much better. Ijyb hits you but does no damage.
You closely miss Ijyb. Your peck misses Ijyb. Ijyb hits you with a +0 club.
Ijyb hits you but does no damage.
You closely miss Ijyb. You claw Ijyb. You peck Ijyb, but do no damage.
Ijyb is lightly wounded.
Ijyb barely misses you.
You hit Ijyb. You claw Ijyb, but do no damage.
Ijyb is lightly wounded.
Ijyb zaps a wand.
The puff of flame hits you.
You hit Ijyb but do no damage. You claw Ijyb, but do no damage.
Ijyb is lightly wounded.
Ijyb hits you with a +0 club. x2
You closely miss Ijyb. Your kick misses Ijyb. Your peck misses Ijyb.
Ijyb is lightly wounded.
Ijyb hits you with a +0 club.
You hit Ijyb. Your kick misses Ijyb. You peck Ijyb.
Ijyb is moderately wounded.
Ijyb screams, "You nasty!
Big nasty!"
Ijyb zaps a wand.
The puff of flame hits you!
You die...

#..........
###...#####.##
#.......# #.#
#.##.##.# ...
#.##.# ... ##.
#>##>. ..# ..
######.#####[..#
#................
#.#####.@......#
#.g%...#.#
#)..#.## #....##
#.#... #(...#. #(
..... ## ....##


You could see Ijyb.

Vanquished Creatures
  2 adders
  A worm (D:2)
  A ball python (D:2)
  3 bats
  7 endoplasms
  2 giant cockroaches
  2 goblins (D:1)
  4 hobgoblins
  A quokka (D:2)
  2 frilled lizards
  7 kobolds
  A rat (D:1)
33 creatures vanquished.

Notes
Turn   | Place    | Note
-------+----------+-------------------------------------------
     0 | D:1      | qw the Tengu Warper began the quest for the Orb.
     0 | D:1      | Reached XP level 1. HP: 12/12 MP: 4/4
     0 | D:1      | 0 ||| qw: Version: 0.1-a-89-g26bdef1
     0 | D:1      | 0 ||| qw: Game counter: 1792
     0 | D:1      | 0 ||| qw: Always use a shield: true
     0 | D:1      | 0 ||| qw: God list: Okawaru
     0 | D:1      | 0 ||| qw: Allow faded altars: false
     0 | D:1      | 0 ||| qw: Do Orc after D:15 true
     0 | D:1      | 0 ||| qw: Do second Lair branch before Depths: true
     0 | D:1      | 0 ||| qw: Lair rune preference: random
     0 | D:1      | 0 ||| qw: Plans: Normal
     0 | D:1      | 0 ||| PLANNING D:1-11
   188 | D:1      | Reached XP level 2. HP: 13/17 MP: 6/6
   257 | D:1      | 257 ||| DROPPING +0 club.
   270 | D:1      | Reached skill level 3 in Axes
   412 | D:1      | 412 ||| Stepping ~*~*~tactically~*~*~ (stealth).
   418 | D:1      | 418 ||| Stepping ~*~*~tactically~*~*~ (stealth).
   840 | D:1      | 840 ||| UPGRADING to +0 scale mail.
   850 | D:1      | 850 ||| DROPPING +0 leather armour.
   851 | D:1      | 851 ||| UPGRADING to amulet of guardian spirit.
   856 | D:1      | 856 ||| UPGRADING to ring of positive energy.
   857 | D:1      | 857 ||| READING scroll labelled PIABONE OGIRUQ.
   858 | D:1      | 858 ||| READING scroll labelled VEHUUWKUDA.
   863 | D:1      | 863 ||| READING scroll labelled BUGUBO OMUALISM.
   864 | D:1      | 864 ||| DRINKING 2 fizzy cyan potions.
   865 | D:1      | 865 ||| DROPPING scroll of blinking.
   882 | D:2      | 882 ||| STAIRDANCE
  1111 | D:2      | 1111 ||| DROPPING +0 whip.
  1164 | D:2      | Reached XP level 3. HP: 21/21 MP: 7/7
  1402 | D:2      | Reached skill level 4 in Axes
  1732 | D:2      | 1732 ||| UPGRADING to +0 chain mail.
  1742 | D:2      | 1742 ||| DROPPING +0 scale mail.
  1743 | D:2      | 1743 ||| DROPPING ring of wizardry.
  1744 | D:2      | 1744 ||| READING scroll labelled CIDUNT LALEPT.
  1745 | D:2      | 1745 ||| READING scroll of teleportation.
  1931 | D:3      | 1931 ||| SWAPPING to +0 war axe.
  1932 | D:3      | 1932 ||| DROPPING +0 hand axe.
  1945 | D:3      | Noticed Ijyb
  1953 | D:3      | HP: 3/21 [Ijyb/puff of flame (5)]
  1954 | D:3      | 1954 ||| DRINKING potion of heal wounds.
  1960 | D:3      | Killed from afar by Ijyb

Levels and vault maps discovered:
D:1:      wander_arrival_fairy_ring, layout_basic
D:2:      layout_basic
D:3:      layout_loops_cross, lemuel_round_altar,
          chequers_serial_rivers_large_b, uniq_ijyb

Skill      XL: |  1  2  3 |
---------------+----------+-----
Axes           | 3 4 |  4.5
Fighting       | |  2.0
Throwing       | |  1.0
Armour         | |  1.1
Dodging        | |  2.1
Spellcasting   | |  2.0
Translocations | |  2.4

Action                   || total
-------------------------++-------
Melee: Hand axe          ||    70
       Kick              ||    26
       Peck              ||    11
       War axe           ||    12
Throw: Boomerang         ||     7
       Javelin           ||    18
  Use: Scroll            ||     5
       Potion            ||     2
Armor: Scale mail        ||    12
       Leather armour    ||     2
       Chain mail        ||     9
Dodge: Dodged            ||    32

Table legend:
 A = Non-vault XP
 B = Vault XP
 C = Vault XP percentage of total XP
 D = Non-vault monster count
 E = Vault monster count
 F = Vault count percentage of total count
                 A         B        C        D         E       F
            +---------+---------+-------+---------+---------+-------
      Total |      81 |       0 |   0.0 |      33 |       0 |   0.0
            +---------+---------+-------+---------+---------+-------
        D:1 |      25 |       0 |   0.0 |      15 |       0 |   0.0
        D:2 |      33 |       0 |   0.0 |      10 |       0 |   0.0
        D:3 |      23 |       0 |   0.0 |       8 |       0 |   0.0
            +---------+---------+-------+---------+---------+-------
